 Dungeon Crawl Stone Soup version 0.26-a0-1213-gd52f5182fe (webtiles) character file.

Game seed: 13066119273818326164

158 DuloT34 the Purveyor of Pain (level 5, -1/38 HPs)
             Began as a Ghoul Necromancer on Dec 30, 2020.
             Was an Initiate of Kikubaaqudgha.
             Slain by a big kobold
             ... wielding a +4 whip of chaos
              (14 damage)
             ... on level 2 of the Dungeon.
             The game lasted 00:10:41 (4179 turns).

DuloT34 the Purveyor of Pain (Ghoul Necromancer)    Turns: 4179, Time: 00:10:42

Health: -1/38      AC:  4    Str: 12    XL:     5   Next: 39%
Magic:  0/9        EV: 17    Int: 11    God:    Kikubaaqudgha [......]
Gold:   148        SH:  0    Dex:  9    Spells: 7/11 levels left

rFire    . . .     SeeInvis .   (no weapon)
rCold    + . .     Faith    .   (no shield)
rNeg     + + +     Spirit   .   a - +0 robe
rPois    ∞         Reflect  .   g - +0 helmet
rElec    .         Harm     .   l - +0 cloak
rCorr    .         Rampage  .   (no gloves)
Will     .....                  (no boots)
Stlth    ++........             (no amulet)
HPRegen  0.00/turn              (no ring)
MPRegen  0.11/turn              o - ring of wizardry

@: agile, very slightly contaminated, slowed, very slow
A: claws 1, cold resistance 1, negative energy resistance 3, inhibited
regeneration, torment resistance, unbreathing
a: Renounce Religion


You were on level 2 of the Dungeon.
You worshipped Kikubaaqudgha.
Kikubaaqudgha was noncommittal.
You visited 1 branch of the dungeon, and saw 3 of its levels.

You collected 148 gold pieces.

Inventory:

Armour
 a - a +0 robe (worn)
 g - a +0 helmet (worn)
 l - a +0 cloak (worn)
Jewellery
 o - a ring of wizardry (right claw)
Wands
 p - a wand of random effects (21)
Scrolls
 b - a scroll of identify
 i - 3 scrolls of teleportation {unknown}
 j - a scroll of remove curse
 k - 2 scrolls of amnesia
 m - 2 scrolls of fear {unknown}
Potions
 c - a potion of haste
 d - a potion of invisibility
 e - a potion of flight {unknown}
 f - 3 potions of brilliance
 h - 2 potions of heal wounds
 n - 2 potions of lignification {unknown}


   Skills:
 - Level 1.7 Dodging
 - Level 2.1 Stealth
 * Level 3.8 Spellcasting
 + Level 4.9 Necromancy


You had 7 spell levels left.
You knew the following spells:

 Your Spells              Type           Power        Failure   Level
a - Pain                  Necr           52%          1%          1
b - Vampiric Draining     Necr           6%           4%          3

Your spell library contained the following spells:

 Spells                   Type           Power        Failure   Level
 Animate Skeleton         Necr           26%          1%          1
 Animate Dead             Necr           6%           12%         4
 Agony                    Necr           13%          32%         5


Dungeon Overview and Level Annotations

Branches:
Dungeon (3/15)

Altars:
Kikubaaqudgha
Uskayaw

Annotations:
D:3 melvinkitnick's ghost, amateur FeVM


Innate Abilities, Weirdness & Mutations

You thrive by killing the living.
You are immune to poison.
You have sharp fingernails.
Your flesh is cold resistant. (rC+)
You are immune to negative energy. (rN+++)
You do not regenerate when monsters are visible.
You are immune to unholy pain and torment.
You can survive without breathing.


Message History

You flicker back into view.
The big kobold barely misses you.
You scratch the big kobold.
The big kobold is heavily wounded.
You feel yourself speed up.
The big kobold hits you with a +4 whip of chaos.
You feel yourself slow down. The big kobold closely misses you.
You scratch the big kobold.
The big kobold is severely wounded.
The big kobold hits you with a +4 whip of chaos.
You feel agile all of a sudden.
Casting: Pain (safe; 1% risk of failure)
Confirm with . or Enter, or press ? or * to list all spells.
Aiming: Pain (safe; 1% risk of failure)
Press: ? - help, Shift-Dir - straight line, f/p - big kobold
Aim: a big kobold, wielding a +4 whip of chaos (severely wounded, chance to affect: 70%)
The big kobold writhes in agony.
The big kobold hits you with a +4 whip of chaos!
You die...
Kikubaaqudgha rasps: "You have failed me!
Welcome... oblivion!"

#....#...###.#...........(...(.
###....##..###.#...#######.#####.
......###......#.#.........#####.
..#...# ##....(#.#..#####........
..#...# ###...#........##.######
.##..## ####.####.###.##.# #
###..# ####....# #.###.##.######
....####.......####.......((.....
...###......)..#@K......##.######
.####..........#).....####.# ##
#..####.###.#......# #)#
##..##...# #.####'#.####.#
#...#....# #.# #.#......# #
#...#....###.# #.#.###..#
###........##..# #.#..##..#
##....#######..# #.##.##..#
.#....# ###...# #.##.##..#


You could see a big kobold.

Vanquished Creatures
  An orc priest (D:3)
  A gnoll (D:2)
  4 adders (D:2)
  2 worms
  2 dart slugs (D:2)
  A leopard gecko (D:2)
  3 orcs (D:3)
  7 giant cockroaches
  6 goblins
  9 hobgoblins
  A ball python (D:1)
  10 bats
  6 frilled lizards
  12 kobolds
  9 rats
74 creatures vanquished.

Vanquished Creatures (others)
  A fungus (D:3)
  3 plants (D:3)
4 creatures vanquished.

Grand Total: 78 creatures vanquished

Notes
Turn   | Place    | Note
-------+----------+-------------------------------------------
     0 | D:1      | DuloT34 the Ghoul Necromancer began the quest for the Orb.
     0 | D:1      | Reached XP level 1. HP: 14/14 MP: 2/2
   523 | D:1      | Reached XP level 2. HP: 20/20 MP: 2/4
  1200 | D:1      | Reached XP level 3. HP: 22/26 MP: 5/5
  1289 | D:1      | Learned a level 3 spell: Vampiric Draining
  1634 | D:2      | Reached XP level 4. HP: 23/33 MP: 0/7
  2735 | D:2      | Found a hide-covered altar of Uskayaw.
  3174 | D:3      | Reached XP level 5. HP: 21/38 MP: 0/9
  3667 | D:3      | Found an ancient bone altar of Kikubaaqudgha.
  3678 | D:3      | Became a worshipper of Kikubaaqudgha
  3766 | D:3      | Noticed a big kobold
  3767 | D:3      | Found a runed translucent gate.
  3799 | D:3      | Found a runed translucent gate.
  3799 | D:3      | Found a runed translucent gate.
  3799 | D:3      | Noticed a big kobold
  3801 | D:3      | Noticed melvinkitnick's ghost (amateur FeVM)
  4179 | D:2      | Slain by a big kobold

Illustrated notes

Levels and vault maps discovered:
D:1:      shiori_arrival_oz, layout_loops_ring
D:2:      minmay_recursive_quarters, layout_basic, marbit_many_paths
D:3:      layout_loops_cross, kiku_gazebo_pond_becter,
          gammafunk_ghost_nasty_kobolds

Skill      XL: |  1  2  3 |
---------------+----------+-----
Spellcasting   | 2 3 |  3.8
Dodging        | |  1.7
Stealth        | |  2.1
Necromancy     | |  4.9

Action                   |  1- 3 |  4- 6 || total
-------------------------+-------+-------++-------
Melee: Unarmed           |   102 |    48 ||   150
 Cast: Pain              |    45 |    94 ||   139
  Use: Scroll            |     4 |     5 ||     9
 Stab: Sleeping          |     2 |     1 ||     3
Armor: Robe              |    21 |    17 ||    38
Dodge: Dodged            |    66 |    60 ||   126

Table legend: (Time is in decaauts)
 A = Elapsed time spent in this place.
 B = Non-inter-level travel time spent in this place.
 C = Inter-level travel time spent in this place.
 D = Time resting spent in this place.
 E = Time spent auto-exploring this place.
 F = Levels seen in this place.
 G = Mean time per level.
                   A        B        C        D        E       F      G
               +--------+--------+--------+--------+--------+-----+--------+
         Total |   4183 |   4168 |     15 |    910 |   2671 |   3 | 1394.3 |
       Dungeon |   4183 |   4168 |     15 |    910 |   2671 |   3 | 1394.3 |
               +--------+--------+--------+--------+--------+-----+--------+

Top non-repeatable levels by time:
     D:2: 1591 daAuts
     D:3: 1296 daAuts
     D:1: 1295 daAuts
